 Dungeon Crawl Stone Soup version 0.21.1-1-g345015fe64 (webtiles) character file.

3291 Henning the Blocker (level 10, 0/86 HPs)
             Began as a Hill Orc Fighter on June 12, 2018.
             Slain by a two-headed ogre
             ... wielding a +0 giant spiked club
              (22 damage)
             ... on level 8 of the Dungeon.
             The game lasted 01:07:17 (6602 turns).

Henning the Blocker (Hill Orc Fighter)              Turns: 6602, Time: 01:07:17

Health: 0/86       AC: 18    Str: 27    XL:     10   Next: 1%
Magic:  12/12      EV:  7    Int:  8    God:
Gold:   143        SH: 15    Dex: 11    Spells: 11/11 levels left

rFire    . . .     SeeInvis .   a - +1 long sword
rCold    . . .     Gourm    .   J - +3 shield
rNeg     . . .     Faith    .   Q - +0 plate armour (curse)
rPois    +         Spirit   .   r - +0 helmet
rElec    .         Reflect  .   k - +0 cloak
rCorr    .         Harm     .   s - +1 pair of gloves
MR       .....                  (no boots)
Stlth    ..........             t - amulet of regeneration
HPRegen  0.64/turn              u - +5 ring of strength
MPRegen  0.13/turn              C - ring of poison resistance

@: no status effects
A: no striking features
a: no special abilities


You were on level 8 of the Dungeon.
You were very hungry.

You visited 2 branches of the dungeon, and saw 9 of its levels.

You collected 341 gold pieces.
You spent 198 gold pieces at shops.

Inventory:

Hand Weapons
 a - a +1 long sword (weapon)
 F - a +1 trident of holy wrath
Missiles
 y - 2 javelins (quivered)
 z - 4 needles of sleeping
 E - 73 arrows
Armour
 k - a +0 cloak (worn)
 r - a +0 helmet (worn)
 s - a +1 pair of gloves (worn)
 J - a +3 shield (worn)
 N - a +0 chain mail
 Q - a cursed +0 plate armour (worn)
Jewellery
 t - an amulet of regeneration (around neck)
 u - a +5 ring of strength (left hand)
 C - a ring of poison resistance (right hand)
Wands
 O - a wand of iceblast (7)
 P - a wand of flame (20)
Scrolls
 e - 3 scrolls of identify
 j - 4 scrolls of remove curse
 l - 4 scrolls of teleportation
 x - a scroll of amnesia
 A - 2 scrolls of fog
Potions
 b - 2 potions of magic {unknown}
 c - a potion of berserk rage {unknown}
 d - 2 potions of might
 g - a potion of cancellation {unknown}
 h - a potion of degeneration {unknown}
 i - a potion of invisibility {unknown}
 n - 2 potions of agility {unknown}
 o - 4 potions of curing
 p - a potion of mutation {unknown}
 q - 2 potions of flight {unknown}
 G - 2 potions of heal wounds {unknown}
 H - a potion of ambrosia {unknown}
 I - 3 potions of haste {unknown}
 L - a potion of lignification {unknown}
Books
 v - a book of Maledictions

   Spells                             Type                      Level
   a - Corona                         Hexes                        1
   b - Ensorcelled Hibernation        Hexes/Ice                    2
   c - Confuse                        Hexes                        3
   d - Tukima's Dance                 Hexes                        3
   e - Dazzling Spray                 Conjuration/Hexes            3
Comestibles
 f - 9 rations


   Skills:
 + Level 7.6 Fighting
 + Level 7.4 Long Blades
 - Level 1.2 Polearms
 + Level 7.0 Armour
 - Level 3.2 Dodging
 * Level 8.8 Shields
 - Level 1.4 Spellcasting
   Level 1.6 Hexes


You had 11 spell levels left.
You didn't know any spells.

Dungeon Overview and Level Annotations

Branches:
Dungeon (8/15)             Temple (1/1) D:4
   Lair: D:8-11

Altars:
Ashenzari
Cheibriados
Dithmenos
Elyvilon
Fedhas
Gozag
Hepliaklqana
Kikubaaqudgha
Makhleb
Nemelex Xobeh
Okawaru
Qazlal
Ru
Sif Muna
Trog
Uskayaw
Vehumet
Wu Jian
Xom
Yredelemnul
Zin
The Shining One

Shops:
D:5 *

Annotations:
D:7 Prince Ribbit; denis1488's ghost, novice TrMo


Message History

You slash the two-headed ogre!
The two-headed ogre is heavily wounded.
The two-headed ogre hits you with a giant spiked club!
The two-headed ogre closely misses you.
You slash the two-headed ogre!
The two-headed ogre is severely wounded.
You hit the two-headed ogre.
The two-headed ogre is almost dead.
The two-headed ogre hits you with a giant spiked club!!
The two-headed ogre hits you with a giant spiked club.
* * * LOW HITPOINT WARNING * * *
You slash the two-headed ogre!
The two-headed ogre is almost dead.
You block the two-headed ogre's attack. x2
You barely miss the two-headed ogre.
The two-headed ogre is almost dead.
The two-headed ogre hits you with a giant spiked club.
* * * LOW HITPOINT WARNING * * *
The two-headed ogre hits you with a giant spiked club!!
You die...

#.##.##.####...,,,,,,,, #.##.##.#
***********, #########.......#
*,,,,,,,,,,* #............####
*,********>* #.############ *,*
*,* #.############## *,* *,*
#..............# *,* *,*
#.....########.#####.#*******,*
#.###.# #@Oo....#,,,,,,,,, #.#
#.# #########,*****,,, #.#
#.########## *,* *,,* #.#
#..........# *,* *,,* ###.#
#..........#**** *,* *,,* [...#
#..)......(#,,,***,*****,,*
#######..........#,,,,,,,,,,,,,,*
## #...........#,,,***,***,****
.#####.#.........#*,** *,* *,*


You could see a two-headed ogre and an orc.

Vanquished Creatures
  A troll (D:6)
  Grinder (D:3)
  Sigmund (D:6)
  A hungry ghost (D:8)
  A water moccasin (D:6)
  An ice beast (D:8)
  3 orc warriors
  2 sky beasts
  A phantom (D:4)
  4 ogres
  A big kobold (D:8)
  3 bullfrogs (D:6)
  3 scorpions
  3 wights (D:6)
  3 crimson imps
  2 orc priests (D:7)
  7 hounds
  5 orc wizards
  Crazy Yiuf (D:4)
  Jessica (D:3)
  Terence (D:3)
  An iguana (D:6)
  4 worker ants
  A hound skeleton (D:4)
  A worker ant zombie (D:6)
  7 gnolls
  8 adders
  A shadow imp (D:6)
  An adder zombie (D:5)
  5 adder skeletons
  2 worms
  3 dart slugs
  6 leopard geckos
  7 orcs
  3 bats
  2 giant cockroaches
  7 goblins
  6 hobgoblins
  9 jackals
  10 kobolds
  4 quokkas
  A ball python (D:4)
  2 frilled lizards (D:1)
  3 leopard gecko skeletons (D:4)
  2 quokka skeletons
  7 rats
149 creatures vanquished.

Notes
Turn   | Place    | Note
-------+----------+-------------------------------------------
     0 | D:1      | Henning the Hill Orc Fighter began the quest for the Orb.
     0 | D:1      | Reached XP level 1. HP: 19/19 MP: 1/1
   276 | D:1      | Reached XP level 2. HP: 21/27 MP: 2/2
   404 | D:1      | Reached XP level 3. HP: 27/33 MP: 3/3
   851 | D:1      | Reached skill level 4 in Shields
   851 | D:1      | Reached XP level 4. HP: 9/41 MP: 4/4
  1244 | D:3      | Reached XP level 5. HP: 29/47 MP: 5/5
  1361 | D:2      | Found a faded altar of an unknown god.
  1856 | D:3      | Noticed an ogre
  1857 | D:3      | Noticed Terence
  1871 | D:3      | Killed Terence
  1875 | D:3      | Killed an ogre
  1875 | D:3      | Reached skill level 5 in Shields
  1875 | D:3      | Reached XP level 6. HP: 50/53 MP: 6/6
  1909 | D:3      | Noticed Jessica
  1920 | D:3      | Killed Jessica
  2124 | D:3      | Found a sparkling altar of Nemelex Xobeh.
  2144 | D:3      | Noticed Grinder
  2154 | D:3      | Paralysed by Grinder for 6 turns
  2233 | D:3      | Paralysed by Grinder for 6 turns
  2241 | D:3      | Killed Grinder
  2241 | D:3      | Reached skill level 5 in Long Blades
  2241 | D:3      | Reached skill level 1 in Dodging
  2241 | D:3      | Reached XP level 7. HP: 36/60 MP: 7/7
  2466 | D:5      | Entered Level 5 of the Dungeon
  2560 | D:4      | Reached skill level 5 in Fighting
  2792 | D:4      | Learned a level 1 spell: Corona
  3111 | D:4      | Reached skill level 1 in Polearms
  3111 | D:4      | Reached skill level 5 in Armour
  3156 | D:4      | Noticed a hand axe
  3156 | D:4      | Noticed a dagger
  3157 | D:4      | Found a hide-covered altar of Uskayaw.
  3264 | D:4      | Found a runed door.
  3348 | D:4      | Found a staircase to the Ecumenical Temple.
  3354 | Temple   | Entered the Ecumenical Temple
  3843 | D:4      | Noticed Crazy Yiuf
  3850 | D:4      | Killed Crazy Yiuf
  3850 | D:4      | Reached skill level 1 in Hexes
  3850 | D:4      | Reached XP level 8. HP: 69/69 MP: 5/8
  3980 | D:6      | Noticed Sigmund
  3997 | D:6      | Killed Sigmund
  4028 | D:5      | Reached skill level 1 in Spellcasting
  4353 | D:5      | Reached skill level 6 in Shields
  4648 | D:5      | Found Meitho's General Store.
  4656 | D:5      | Bought a +2 shield for 198 gold pieces
  4875 | D:6      | Noticed a troll
  4905 | D:6      | Killed a troll
  4905 | D:6      | Reached XP level 9. HP: 14/78 MP: 11/11
  5025 | D:6      | Reached skill level 7 in Shields
  5927 | D:7      | Reached skill level 8 in Shields
  5951 | D:7      | Noticed Prince Ribbit
  5963 | D:7      | Noticed denis1488's ghost (novice TrMo)
  6584 | D:8      | Reached XP level 10. HP: 85/86 MP: 12/12
  6591 | D:8      | Noticed a two-headed ogre
  6602 | D:8      | Slain by a two-headed ogre

Skill      XL: |  1  2  3  4  5  6  7  8  9 |
---------------+----------------------------+-----
Fighting       | 4 5 6 7 |  7.6
Long Blades    | 3 4 5 6 7 |  7.4
Shields        | 4 5 6 8 |  8.8
Armour         | 4 5 7 |  7.0
Dodging        | 1 2 3 |  3.2
Polearms       | 1 |  1.2
Hexes          | 1 |  1.6
Spellcasting   | 1 |  1.4

Action                   |  1- 3 |  4- 6 |  7- 9 | 10-12 || total
-------------------------+-------+-------+-------+-------++-------
Melee: Long sword        |    91 |   136 |   475 |     6 ||   708
       Trident           |       |       |    21 |       ||    21
 Cast: Corona            |       |       |     4 |       ||     4
Evoke: Wand              |       |       |       |     4 ||     4
  Use: Scroll            |       |     3 |    10 |       ||    13
  Eat: Chunk             |       |     5 |    14 |       ||    19
       Ration            |       |       |     1 |       ||     1
Armor: Scale mail        |    46 |    43 |   102 |       ||   191
       Chain mail        |       |       |    37 |       ||    37
       Plate armour      |       |       |     7 |       ||     7
Dodge: Dodged            |    34 |    37 |   144 |     1 ||   216
Block: Shield            |    60 |    68 |   283 |     2 ||   413
       Rpst.: Long sword |     7 |    12 |    37 |       ||    56
